[Event "Late-Titled-Tuesday-Blitz-May-14-2024"]
[Site "Chess.com"]
[Date "2024.05.14"]
[Round "4"]
[White "szachmistrz2500"]
[Black "MuhittinBuker"]
[Result "1-0"]
[WhiteElo "2483"]
[BlackElo "2219"]
[TimeControl "180+1"]
[EndTime "14:38:56 PDT"]
[Termination "szachmistrz2500 won on time"]

1. e4 e5 2. Nf3 Nc6 3. Bb5 a6 4.
Ba4 Nf6 5. O-O Be7 6. Re1 b5 7. Bb3 O-O 8. h3 d6 9. c3 Na5 10. Bc2 c5 11. d4 Qc7 12. Nbd2 cxd4 13. cxd4 Nc6 14. Nb3 a5 15. Be3 a4 16. Nbd2 Nb4 17. Bb1 Bd7 18. a3 Na6 19. Bd3 Rac8 20. Qe2 Qb8 21.
Rac1 Rfe8 22. Nb1 exd4 23. Bxd4 Nc5 24. Bxc5 dxc5 25. e5 Nd5 26. Qe4 g6 27. Qxd5 Red8 28. e6 Bxe6 29. Qe4 Bf8 30. Qe2 b4 31. Nbd2 bxa3 32. bxa3 Qb2 33. Bc4 Bf5 34. Ne4 1-0

[Event "Late-Titled-Tuesday-Blitz-May-14-2024"]
[Site "Chess.com"]
[Date "2024.05.14"]
[Round "4"]
[White "mfschulz"]
[Black "maurovargas01"]
[Result "1-0"]
[WhiteElo "2303"]
[BlackElo "1937"]
[TimeControl "180+1"]
[EndTime "14:38:56 PDT"]
[Termination "mfschulz won by checkmate"]

1. d4 d5 2. Bg5 h6 3. Bh4 f5 4. e4 g5 5. Qh5+ Kd7 6. Bxg5 Qe8 7.
Qxe8+ Kxe8 8. Bf4 Nf6 9. exf5 Bxf5 10. Na3 c6 11. O-O-O e6 12. Nb1 Ne4 13. Be3 Bd6 14.
f3 Ng5 15. Bd3 Nd7 16. h4 Nf7 17. g4 Bxd3 18. Rxd3 Kd8 19. f4 Kc7 20. Nf3 Rae8 21. Ne5 Nfxe5 22. dxe5 Be7 23. Nc3 Nc5 24. Bxc5 Bxc5 25.
Kd2 Rhg8 26. g5 h5 27. Ne2 Ref8 28. c3 Kd7 29. Rf3 Bb6 30. Ng3 Rh8 31. f5 exf5 32.
Rxf5 Rxf5 33. Nxf5 Ke6 34. Nd4+ Kxe5 35. Re1+ Kd6 36.
Nf5+ Kd7 37. Re7+ Kd8 38. Rxb7 Kc8 39. Rf7 Re8 40. g6 Re4 41. Nd6+ Kd8 42. Nxe4 dxe4 43.
g7 Ke8 44. g8=Q# 1-0

[Event "Late-Titled-Tuesday-Blitz-May-14-2024"]
[Site "Chess.com"]
[Date "2024.05.14"]
[Round "4"]
[White "slorovel"]
[Black "Arimin1329"]
[Result "1-0"]
[WhiteElo "2565"]
[BlackElo "2373"]
[TimeControl "180+1"]
[EndTime "14:38:57 PDT"]
[Termination "slorovel won by checkmate"]

1. e4 b6 2. d4 Bb7 3. Bd3 c5 4.
c3 g6 5. Nf3 Bg7 6. O-O e6 7.
Nbd2 Ne7 8. Qe2 cxd4 9. cxd4 O-O 10. Rd1 d6 11. Nf1 Nbc6 12. Bb1 Rc8 13. Ng3 Nb4 14. a3 Ba6 15. Qd2 Nbc6 16. b4 d5 17. e5 Bc4 18.
h4 a5 19. Qb2 axb4 20. axb4 b5 21. h5 Re8 22. Nh2 Qb6 23. Ng4 Ra8 24. Rxa8 Rxa8 25. Bg5 Nf5 26. Nxf5 gxf5 27. Nf6+ Kh8 28. h6 Bf8 29. Nd7 Qa7 30. Nxf8 Rxf8 31. Bf6+ Kg8 32. Qd2 Ne7 33. Qg5+ Ng6 34. Bd8 Qa4 35. Rc1 f6 36. Bxf6 Qxb4 37. g4 Qb2 38. gxf5 exf5 39. Bxf5 Rxf6 40.
exf6 Kf7 41. Re1 Qxd4 42. Re7+ Nxe7 43. Qg7+ Ke8 44. Qxe7# 1-0

[Event "Late-Titled-Tuesday-Blitz-May-14-2024"]
[Site "Chess.com"]
[Date "2024.05.14"]
[Round "4"]
[White "KebabJangles"]
[Black "ritanovikova"]
[Result "1-0"]
[WhiteElo "2364"]
[BlackElo "2156"]
[TimeControl "180+1"]
[EndTime "14:38:58 PDT"]
[Termination "KebabJangles won by resignation"]

1. d4 e5 2. dxe5 Nc6 3. Nf3 Qe7 4. Bf4 Qb4+ 5. Bd2 Qxb2 6. Nc3 Nb4 7. Nd4 Bc5 8. Rb1 Qa3 9. Ncb5 Qxa2 10. Bxb4 Bxb4+ 11. Rxb4 Qa5 12. c3 c5 13. Nd6+ Kf8 14. Nb3 Qc7 15. Rg4 Nh6 16. Rg3 a5 17. e3 a4 18. Na1 g6 19. Bc4 Qa5 20. O-O Qxc3 21.
Qd5 b5 22. Qxa8 Kg7 23. Bxb5 Qxe5 24. Nxc8 Nf5 25. Rf3 Ne7 26. Bxd7 Qc7 27. Bh3 f5 28. Qxa4 Rxc8 29. Nc2 Nc6 30. Qa1+ Kh6 31. g4 Ne5 32. Rg3 f4 33. exf4 Nc4 34. g5+ Kh5 35. Qd1+ 1-0

[Event "Late-Titled-Tuesday-Blitz-May-14-2024"]
[Site "Chess.com"]
[Date "2024.05.14"]
[Round "4"]
[White "PenguinPacks"]
[Black "SahaNeelash"]
[Result "1-0"]
[WhiteElo "2526"]
[BlackElo "2715"]
[TimeControl "180+1"]
[EndTime "14:39:00 PDT"]
[Termination "PenguinPacks won by resignation"]

1. e4 c6 2. d4 d5 3. e5 Bf5 4. Nf3 e6 5. Be2 Ne7 6. O-O h6 7. c3 Nd7 8. Na3 a6 9. Nc2 Qc7 10. b4 Bh7 11. a4 a5 12. Bd2 Nf5 13. g4 Ne7 14. Nfe1 h5 15. gxh5 Nf5 16. Ng2 Be7 17. Kh1 f6 18. f4 Nf8 19. bxa5 Qxa5 20. c4 Qd8 21. c5 b6 22. Nb4 Nxd4 23. cxb6 Qxb6 24. a5 Qc7 25. Bd3 c5 26.
f5 cxb4 27. Rc1 Qd7 28. h6 gxh6 29. Qh5+ Kd8 30. fxe6 Qxe6 31. Bxh7 Rxh7 32. exf6 Bxf6 33. Rxf6 Qxf6 34. Qxd5+ Ke7 35. Bxb4+ Ke8 36. Qxa8+ Qd8 37. Re1+ 1-0

[Event "Late-Titled-Tuesday-Blitz-May-14-2024"]
[Site "Chess.com"]
[Date "2024.05.14"]
[Round "4"]
[White "m_ezat"]
[Black "frederiksvane"]
[Result "0-1"]
[WhiteElo "2609"]
[BlackElo "2948"]
[TimeControl "180+1"]
[EndTime "14:39:02 PDT"]
[Termination "frederiksvane won by checkmate"]

1. d4 Nf6 2. c4 e6 3. Nc3 d5 4. cxd5 exd5 5. Bg5 Be7 6. e3 O-O 7. Bd3 Re8 8. Nge2 h6 9. Bxf6 Bxf6 10. O-O c6 11. b4 a6 12. Na4 Be7 13. Rb1 Bd6 14.
Qc2 Nd7 15. Nc5 Nf6 16. Ng3 Ng4 17. Bf5 Bxf5 18. Qxf5 Qh4 19. h3 Nxe3 20. fxe3 Qxg3 21. Rf3 Qh2+ 22. Kf2 Re7 23. Rf1 Rae8 24. Qg4 Bxc5 25. bxc5 Qc7 26. Kg1 Rxe3 27. Rxf7 Qxf7 28. Rxf7 Kxf7 29.
Qf5+ Kg8 30. Qd7 R3e7 31. Qd6 Rf7 32. Qg3 Re4 33. Qc3 Re2 34. Qb3 Rd2 35. Qe3 Rxa2 36. Qe6 Rf2 37. Kh2 Rf6 38. Qc8+ Kh7 39. h4 Rf4 40. g3 Rxd4 41. Qe6 Rf2+ 42. Kh3 Re4 43.
Qd7 h5 44. Qxb7 Re1 45. g4 Re3# 0-1

[Event "Late-Titled-Tuesday-Blitz-May-14-2024"]
[Site "Chess.com"]
[Date "2024.05.14"]
[Round "4"]
[White "Ditman2007"]
[Black "ural58"]
[Result "1-0"]
[WhiteElo "2702"]
[BlackElo "2465"]
[TimeControl "180+1"]
[EndTime "14:39:02 PDT"]
[Termination "Ditman2007 won by resignation"]

1. e4 d5 2. exd5 Qxd5 3. Nc3 Qa5 4. d4 Nf6 5. Nf3 Nc6 6. d5 Nb4 7. Bc4 e6 8. dxe6 Bxe6 9. Bxe6 fxe6 10. O-O Bd6 11.
Qe2 Qf5 12. a3 Nc6 13. Re1 e5 14. Nxe5 Nxe5 15. f4 O-O-O 16. fxe5 Bc5+ 17. Be3 Nd7 18. Bxc5 Nxc5 19. Rf1 Qg6 20. b4 Ne6 21. Ne4 Rd5 22. Nc3 Nd4 23. Qc4 Rd7 24. Nd5 Nxc2 25. Rac1 Rxd5 26.
Qxd5 Ne3 27. Rxc7+ Kxc7 28. Rf7+ Qxf7 29. Qxf7+ Kb8 30. e6 Rc8 31. e7 Rc1+ 32. Kf2 Ng4+ 33. Kg3 1-0

[Event "Late-Titled-Tuesday-Blitz-May-14-2024"]
[Site "Chess.com"]
[Date "2024.05.14"]
[Round "4"]
[White "GMMikhailKazakov"]
[Black "giovannibrandao7"]
[Result "1-0"]
[WhiteElo "2515"]
[BlackElo "2322"]
[TimeControl "180+1"]
[EndTime "14:39:03 PDT"]
[Termination "GMMikhailKazakov won by resignation"]

1. e4 c5 2. Nf3 d6 3. d4 cxd4 4. Nxd4 Nf6 5. Nc3 a6 6. a3 e6 7. Bc4 Be7 8. Ba2 O-O 9. O-O b5 10. f4 Bb7 11. Qe2 Nbd7 12. b4 Rc8 13. Bb2 Rxc3 14.
Bxc3 Nxe4 15. Bb2 d5 16. f5 e5 17. Nf3 Bf6 18. Rad1 d4 19. Nd2 Nxd2 20. Rxd2 Bg5 21. Rd3 Kh8 22. c3 dxc3 23. Bxc3 Qb6+ 24. Kh1 Nf6 25.
Bxe5 Be4 26. Rd4 Bb7 27. Rd6 Re8 28. Rxb6 1-0

[Event "Late-Titled-Tuesday-Blitz-May-14-2024"]
[Site "Chess.com"]
[Date "2024.05.14"]
[Round "4"]
[White "Szparu"]
[Black "Firouzja2003"]
[Result "1-0"]
[WhiteElo "2883"]
[BlackElo "3168"]
[TimeControl "180+1"]
[EndTime "14:39:04 PDT"]
[Termination "Szparu won on time"]

1. e4 c6 2. d4 d5 3. exd5 cxd5 4. c4 Nf6 5. Nc3 Nc6 6. Bg5 dxc4 7. d5 Ne5 8. Qd4 h6 9. Bf4 Ng6 10. Bxc4 Nxf4 11. Qxf4 g5 12. Qe3 Bg7 13. Nf3 O-O 14.
O-O Qc7 15. Bb3 Ng4 16. Qe2 Ne5 17. Nd4 Bg4 18. Qe4 Bh5 19. Bc2 Bg6 20. Qe2 Qb6 21. Nf5 Bxf5 22. Bxf5 Rad8 23. Rad1 Qb4 24. Rfe1 Rd6 25. Ne4 Rb6 26. b3 Rd8 27. Ng3 Rbd6 28. Be4 Kf8 29. Nf5 Bh8 30. Nxd6 Rxd6 31. Bb1 Bf6 32.
Qe4 Qb6 33. Rc1 Rd8 34. Qf5 Qd6 35. Be4 a5 36. g3 Bg7 37. Rc8 Bf6 38. Rec1 1-0

[Event "Late-Titled-Tuesday-Blitz-May-14-2024"]
[Site "Chess.com"]
[Date "2024.05.14"]
[Round "4"]
[White "Squirlolz"]
[Black "bubeliang"]
[Result "0-1"]
[WhiteElo "2567"]
[BlackElo "2815"]
[TimeControl "180+1"]
[EndTime "14:39:04 PDT"]
[Termination "bubeliang won by resignation"]

1. Nf3 c5 2. g3 Nc6 3. Bg2 e5 4. O-O Nf6 5. c4 d5 6. cxd5 Nxd5 7. Nc3 Nc7 8. a3 Be7 9. b4 cxb4 10. axb4 Bxb4 11. Nxe5 Nxe5 12. Qa4+ Bd7 13. Qxb4 Bc6 14. Ba3 Qd7 15. Bxc6 Nxc6 16. Qe4+ Qe6 17. Qg2 Rd8 18. d3 f6 19. Rab1 b6 20. Rfc1 Nd4 21. e3 Nf5 22. Ne4 Nd5 23. Rb2 Kf7 24. g4 Nh6 25. g5 Nf5 26. Rbc2 Rd7 27. Rc6 Qe8 28. Nd6+ Nxd6 29. Qxd5+ Qe6 30. Rxd6 Qxd5 31. Rxd5 Rxd5 32. Rc7+ Kg6 33.
gxf6 gxf6 34. Rxa7 Ra5 35. Rxa5 bxa5 36. Kf1 Rb8 37. Ke2 Rb3 38. Bc5 a4 39. Kd2 a3 40.
Kc2 a2 0-1

[Event "Late-Titled-Tuesday-Blitz-May-14-2024"]
[Site "Chess.com"]
[Date "2024.05.14"]
[Round "4"]
[White "KorolDimitriy75"]
[Black "VelandiaSaurio"]
[Result "1/2-1/2"]
[WhiteElo "2407"]
[BlackElo "2623"]
[TimeControl "180+1"]
[EndTime "14:39:04 PDT"]
[Termination "Game drawn by repetition"]

1. d4 d5 2. c4 c6 3. Nc3 Nf6 4. e3 e6 5. Nf3 Nbd7 6. Bd3 dxc4 7. Bxc4 b5 8. Be2 b4 9. Na4 Bb7 10. O-O c5 11. b3 Be7 12. Bb2 O-O 13. Rc1 Rc8 14. Bd3 h6 15. Qe2 a5 16. Rfd1 cxd4 17.
Rxc8 Qxc8 18. Bxd4 Qa8 19. h3 Rd8 20. Nb6 Nxb6 21.
Bxb6 Rc8 22. Bd4 a4 23. Bc4 axb3 24. axb3 Be4 25. Kh2 Qb8+ 26. Kg1 Qb7 27. Kh2 Nd5 28. Nd2 Nc3 29. Bxc3 bxc3 30. Nxe4 Qxe4 31. Rc1 Bf6 32.
Bd3 Qd5 33. Bc4 Qc5 34. Rc2 Rd8 35. g3 g6 36. h4 Kg7 37. Kg2 Rd6 38. Qf3 Qa3 39.
Qe2 Qa1 40. Ra2 Qb1 41. Qc2 Qe1 42. Qe2 Rd1 43. Qxe1 Rxe1 44. Rc2 g5 45. hxg5 hxg5 46. Kf3 Kg6 47. g4 Bg7 48. b4 Rb1 49. b5 Be5 50. Rxc3 Bxc3 51. Bd3+ Kf6 52. Bxb1 Ke5 53. Bd3 Kd5 54. Ke2 Kc5 55. f4 Bf6 56. Kf3 Be7 57.
Be2 Bf6 58. Ke4 Be7 59. f5 Bf6 60. fxe6 fxe6 61. Bd3 Kb6 62. Bc4 Kc5 63. Bxe6 Kxb5 64. Kf5 Bd8 65. e4 Kc5 66. e5 Kc6 67. Bc8 Kc7 68.
Be6 Kc6 69. Bc8 Kc7 70. Be6 Kc6 1/2-1/2

[Event "Late-Titled-Tuesday-Blitz-May-14-2024"]
[Site "Chess.com"]
[Date "2024.05.14"]
[Round "4"]
[White "Byniolus"]
[Black "Quattroporte300"]
[Result "0-1"]
[WhiteElo "2748"]
[BlackElo "2456"]
[TimeControl "180+1"]
[EndTime "14:39:05 PDT"]
[Termination "Quattroporte300 won by resignation"]

1. d4 Nf6 2. Nf3 g6 3. Bf4 Bg7 4. e3 d6 5. h3 O-O 6. Be2 Nfd7 7. O-O e5 8. Bh2 f5 9. c4 Nc6 10. Nc3 h6 11. Rc1 g5 12. dxe5 Ndxe5 13. Nd4 Nxd4 14. exd4 Nc6 15. d5 Ne5 16. Re1 f4 17. f3 Bf5 18.
Bf1 a6 19. Kh1 Qd7 20. Ne4 Ng6 21. b4 Rae8 22. c5 Nh4 23. c6 bxc6 24. Rxc6 Bxe4 25. Rxe4 Rxe4 26. fxe4 f3 27. g3 Ng6 28. Qc2 Rf7 29.
Rxa6 Ne5 30. Qa4 Qe7 31. Ra8+ Kh7 32. Qe8 Qxe8 33. Rxe8 f2 34. g4 Nf3 35. Bg3 Nd2 36. Kg2 Bd4 37. a4 Rf3 38. Re7+ Kg6 39. Bh2 Nxf1 40. Re6+ Kg7 41. Kxf1 Rxh3 42. Re7+ Kg6 43.
Re6+ Kf7 44. e5 Rxh2 45. Rf6+ Ke7 46. exd6+ cxd6 47. Rf3 Rh1+ 48. Kg2 Rg1+ 49. Kh2 f1=Q 50. Rxf1 Rxf1 51. a5 Rf2+ 0-1

[Event "Late-Titled-Tuesday-Blitz-May-14-2024"]
[Site "Chess.com"]
[Date "2024.05.14"]
[Round "4"]
[White "Walter_White_Poland"]
[Black "TheKnightOfBosnia"]
[Result "1-0"]
[WhiteElo "2411"]
[BlackElo "2609"]
[TimeControl "180+1"]
[EndTime "14:39:05 PDT"]
[Termination "Walter_White_Poland won on time"]

1. e4 c5 2. Nf3 d6 3. d4 cxd4 4.
Nxd4 Nf6 5. Nc3 a6 6. Bg5 e6 7.
f4 Be7 8. Qf3 Qc7 9. O-O-O Nbd7 10. Bd3 b5 11. Rhe1 b4 12. Nd5 exd5 13. Nf5 Kf8 14. Nxe7 Kxe7 15. e5 Kd8 16. exf6 gxf6 17. Qxd5 Bb7 18. Qxf7 fxg5 19. Re7 Bc6 20. Bf5 Kc8 21.
Qe6 Rd8 22. Rxd6 Bb5 23. Bd3 Ba4 24. b3 Qc5 25. bxa4 Qg1+ 26. Kb2 Ra7 27. Bxa6+ Kb8 28. Rdxd7 1-0

[Event "Late-Titled-Tuesday-Blitz-May-14-2024"]
[Site "Chess.com"]
[Date "2024.05.14"]
[Round "4"]
[White "Seochesspie"]
[Black "FabianoCaruana"]
[Result "0-1"]
[WhiteElo "2837"]
[BlackElo "3071"]
[TimeControl "180+1"]
[EndTime "14:39:07 PDT"]
[Termination "FabianoCaruana won by resignation"]

1. e4 c5 2. Nf3 Nc6 3. d4 cxd4 4. Nxd4 Nf6 5. Nc3 e5 6. Ndb5 d6 7. Nd5 Nxd5 8. exd5 Nb8 9. a4 Be7 10. Be2 O-O 11. O-O Bf5 12. Bd2 Nd7 13. a5 a6 14. Na3 Be4 15. c4 Bg6 16. b4 f5 17. f4 Rc8 18. Rc1 Bf6 19. Kh1 exf4 20. Bxf4 Bb2 21. Qb3 Bxc1 22. Rxc1 Qe7 23. Bf1 Kh8 24. Nc2 Nf6 25. Nd4 Ne4 26. Kg1 Rfe8 27. Qe3 Qf6 28. Qd3 Bf7 29. Re1 h6 30. Bc1 Re7 31.
Bb2 Rce8 32. Rc1 f4 33. Ba1 Qg6 34. Qf3 Qg5 35. h4 Qg6 36. Qxf4 Ng3 37. c5 Re1 38. Bc3 Rxc1 39. Qxc1 dxc5 40. bxc5 Bxd5 41. Qd2 Nxf1 42.
Kxf1 Qg4 43. Qf2 Qd1+ 44. Be1 Bc4+ 45. Kg1 Qxe1+ 0-1

[Event "Late-Titled-Tuesday-Blitz-May-14-2024"]
[Site "Chess.com"]
[Date "2024.05.14"]
[Round "4"]
[White "MeisterJabo"]
[Black "Rital44"]
[Result "0-1"]
[WhiteElo "2484"]
[BlackElo "2708"]
[TimeControl "180+1"]
[EndTime "14:39:07 PDT"]
[Termination "Rital44 won on time"]

1. c4 g6 2. g3 Bg7 3. Bg2 f5 4.
Nc3 Nf6 5. b4 Ne4 6. Bb2 Nxc3 7.
Bxc3 e5 8. Nf3 d6 9. O-O O-O 10. a4 a5 11. b5 Be6 12. d3 Nd7 13. e3 Nc5 14. h4 Kh8 15. Ng5 Bg8 16. d4 e4 17. dxc5 Bxc3 18. Rc1 Be5 19. cxd6 cxd6 20. f4 Bf6 21. c5 d5 22. c6 bxc6 23. Rxc6 Rc8 24. Qc2 d4 25. Rc1 Rxc6 26. Qxc6 dxe3 27. Ne6 Bxe6 28. Qxe6 Qd2 29. Rc8 Bg7 30. Rxf8+ Bxf8 31. Qf6+ Bg7 32. Qf7 h6 33. Qxg6 e2 34. Qe8+ Kh7 35. Kh2 e1=Q 36. Qe6 Qd8 37. Qxf5+ Kh8 38. Bxe4 Qe2+ 39.
Kh3 Qf1+ 40. Kg4 Qdd1+ 0-1

[Event "Late-Titled-Tuesday-Blitz-May-14-2024"]
[Site "Chess.com"]
[Date "2024.05.14"]
[Round "4"]
[White "Arystanner"]
[Black "Msb2"]
[Result "0-1"]
[WhiteElo "2840"]
[BlackElo "3078"]
[TimeControl "180+1"]
[EndTime "14:39:08 PDT"]
[Termination "Msb2 won by resignation"]

1. d4 d5 2. c4 e6 3. Nf3 Nf6 4. Nc3 Bb4 5. Bg5 h6 6. Bxf6 Qxf6 7. Qa4+ Nc6 8. e3 O-O 9. Rc1 Qg6 10. h4 Bd7 11. h5 Qf6 12. Qb3 dxc4 13. Qxc4 a5 14. Rh4 e5 15. d5 Ne7 16. Qxc7 Nxd5 17. Qxd7 Rfd8 18. Qb5 e4 19. Rxe4 Bxc3+ 20. bxc3 Nxc3 21. Qe5 Nxe4 22. Qxe4 Qb2 23. Qb1 Qa3 24. Bc4 Qe7 25.
Kf1 Rac8 26. Bb5 Qa3 27. Rxc8 Rxc8 28. Ke2 Rc1 29. Qb3 Qc5 30. Kd2 Ra1 31. Qc4 Qxh5 32. Qc8+ Kh7 33. Bd3+ g6 34. Qxb7 Rxa2+ 35. Bc2 Qf5 36.
Qc7 a4 37. Kc1 Qf6 38. e4 a3 39. e5 Qf4+ 40. Kb1 Rb2+ 41. Ka1 Qc1+ 0-1

[Event "Late-Titled-Tuesday-Blitz-May-14-2024"]
[Site "Chess.com"]
[Date "2024.05.14"]
[Round "4"]
[White "lcmil"]
[Black "KirAk47"]
[Result "1-0"]
[WhiteElo "2687"]
[BlackElo "2447"]
[TimeControl "180+1"]
[EndTime "14:39:08 PDT"]
[Termination "lcmil won by checkmate"]

1. e4 c6 2. d4 d5 3. e5 Bf5 4. Nc3 e6 5. g4 Bg6 6. Nge2 Nd7 7. h4 h6 8. Nf4 Bh7 9. Bd3 Bxd3 10.
Qxd3 Ne7 11. Be3 Qa5 12. O-O-O c5 13. g5 g6 14. gxh6 cxd4 15. Qxd4 Nc6 16. Qd2 Ndxe5 17.
h5 Nc4 18. Qe1 Qb4 19. Nd3 Qd6 20. hxg6 fxg6 21. Qg1 O-O-O 22. Qxg6 Ne7 23. Qf6 Nxe3 24. fxe3 Rh7 25. e4 d4 26. Ne2 e5 27. Qxd6 Rxd6 28.
Nxe5 Rhxh6 29. Rxh6 Bxh6+ 30. Kb1 Be3 31. Nc4 Re6 32.
Nxd4 Rxe4 33. Nd6+ Kc7 34. Nxe4 Nd5 35. Nb5+ Kc6 36.
c4 Nb6 37. Rd6# 1-0

[Event "Late-Titled-Tuesday-Blitz-May-14-2024"]
[Site "Chess.com"]
[Date "2024.05.14"]
[Round "4"]
[White "Stanbad1"]
[Black "DominguezOnYoutube"]
[Result "0-1"]
[WhiteElo "2615"]
[BlackElo "3014"]
[TimeControl "180+1"]
[EndTime "14:39:09 PDT"]
[Termination "DominguezOnYoutube won by resignation"]

1. d4 Nf6 2. Nc3 d5 3. Bf4 c5 4. e4 Nxe4 5. Nxe4 dxe4 6. dxc5 Qa5+ 7. c3 Qxc5 8. Qa4+ Nc6 9. Qxe4 g6 10. Nf3 Bg7 11. Rd1 Bf5 12. Qa4 O-O 13. Be3 Qa5 14. Qxa5 Nxa5 15. Be2 Be6 16. a3 b6 17. Bd4 Rfd8 18.
Bxg7 Kxg7 19. Nd4 Bd5 20. O-O Bc4 21. Rfe1 e5 22. Bxc4 Nxc4 23. Nc6 Rxd1 24. Rxd1 Nxb2 25. Rd7 Nc4 26. Nxa7 Nxa3 27. Nc6 Nc4 28. g3 Kf8 29. Rc7 Re8 30. Nb4 Nd2 31. Nd5 Re6 32. Rb7 Rd6 33. Nxb6 Ne4 34. Nc4 Re6 35. Rb3 f6 36. f3 Nc5 37.
Rb8+ Kg7 38. Rc8 Nd3 39. Rc7+ Kh6 40. Ne3 f5 41. g4 Kg5 42. gxf5 gxf5 43. Rxh7 Kf4 44.
Ng2+ Kxf3 45. Rh3+ Ke2 46. c4 f4 47. c5 f3 48. c6 f2+ 0-1

[Event "Late-Titled-Tuesday-Blitz-May-14-2024"]
[Site "Chess.com"]
[Date "2024.05.14"]
[Round "4"]
[White "cthulhuuu"]
[Black "SRob2003"]
[Result "0-1"]
[WhiteElo "2475"]
[BlackElo "2685"]
[TimeControl "180+1"]
[EndTime "14:39:10 PDT"]
[Termination "SRob2003 won on time"]

1. e4 c5 2. Nf3 Nc6 3. g3 Nf6 4. d3 d5 5. exd5 Nxd5 6. Bg2 g6 7.
Nc3 Bg7 8. Nxd5 Qxd5 9. O-O O-O 10. Re1 Qd7 11. c3 b6 12. d4 Rd8 13. Qa4 cxd4 14. Nxd4 Nxd4 15. Qxd7 Bxd7 16. cxd4 Rac8 17. Rxe7 Bxd4 18.
Bg5 Bc5 19. Rd1 Bg4 20. Rxd8+ Rxd8 21. Re1 f6 22. Bh6 Kf7 23. h3 Be6 24. a3 g5 25.
h4 Rg8 26. hxg5 fxg5 27. Kh2 Rg6 28. f4 Rxh6+ 0-1

[Event "Late-Titled-Tuesday-Blitz-May-14-2024"]
[Site "Chess.com"]
[Date "2024.05.14"]
[Round "4"]
[White "jefferyx"]
[Black "ViIIagra"]
[Result "0-1"]
[WhiteElo "3083"]
[BlackElo "2857"]
[TimeControl "180+1"]
[EndTime "14:39:11 PDT"]
[Termination "ViIIagra won by resignation"]

1. e4 d6 2. d4 Nf6 3. Nc3 e5 4. Nf3 Nbd7 5. Bc4 h6 6. a4 Be7 7.
O-O O-O 8. Re1 c6 9. h3 Re8 10. d5 Bf8 11. Be3 cxd5 12. Bxd5 Nxd5 13. Nxd5 Nf6 14. Nxf6+ Qxf6 15. Nd2 Be6 16. c4 a6 17. a5 Rad8 18. b3 Rd7 19. Nb1 Qg6 20. Qf3 f5 21. exf5 Bxf5 22. Nc3 Rf7 23. Bb6 Be7 24. Qg3 Qh5 25. Ne4 Bh4 26. Qe3 Re6 27. Rad1 Qg6 28. Rd2 Kh7 29. g4 h5 30. Nxd6 hxg4 31. Nxf5 Rxf5 32.
hxg4 Qxg4+ 33. Kf1 e4 34. Qe2 Qh3+ 0-1

[Event "Late-Titled-Tuesday-Blitz-May-14-2024"]
[Site "Chess.com"]
[Date "2024.05.14"]
[Round "4"]
[White "DeArron_Fox"]
[Black "KaydenTroffChess"]
[Result "1-0"]
[WhiteElo "2564"]
[BlackElo "2850"]
[TimeControl "180+1"]
[EndTime "14:39:11 PDT"]
[Termination "DeArron_Fox won by resignation"]

1. d4 a5 2. e4 Ra6 3. Nf3 Rg6 4. Ne5 Rf6 5. Bg5 d5 6. Nc3 dxe4 7. Bc4 Be6 8. d5 Nd7 9. Bxf6 Bf5 10. Nxd7 exf6 11.
Nxf8 Kxf8 12. O-O Qd6 13. Re1 Ne7 14. Nxe4 Qb4 15. d6 cxd6 16. Nxd6 g6 17. Nxf7 Qxc4 18. Qd8+ Kg7 19. Qxh8+ Kxf7 20. Qxh7+ Kf8 21. Qxe7+ Kg8 22. Qd8+ Kg7 23. Re7+ Kh6 24. Qd2+ g5 25. Qd6 Kg6 26. h3 Bxc2 27. Re6 Be4 28. Rxf6+ Kg7 29. Qe7+ 1-0

[Event "Late-Titled-Tuesday-Blitz-May-14-2024"]
[Site "Chess.com"]
[Date "2024.05.14"]
[Round "4"]
[White "SoCalJuniorChess"]
[Black "Art10ECHR"]
[Result "0-1"]
[WhiteElo "2228"]
[BlackElo "2482"]
[TimeControl "180+1"]
[EndTime "14:39:11 PDT"]
[Termination "Art10ECHR won by resignation"]

1. d4 d5 2. Nc3 Nf6 3. Bf4 c5 4. e4 Nxe4 5. Nxe4 dxe4 6. dxc5 Qa5+ 7. Qd2 Qxd2+ 8. Bxd2 e5 9. Be3 Nc6 10. Bb5 f5 11. Bxc6+ bxc6 12. f3 f4 13. Bd2 e3 14. Bc3 Bxc5 15. Bxe5 O-O 16. Nh3 Bxh3 17. gxh3 Rae8 18. Bc3 Rd8 19. Ke2 Bd4 20. Bxd4 Rxd4 21. Rad1 Rfd8 22. Rxd4 Rxd4 23. Rd1 Rxd1 24. Kxd1 Kf7 25.
Ke2 Ke6 26. Kd3 Kd5 27. h4 a5 28. h5 c5 29. Kc3 Kc6 30. Kd3 Kb5 31. Kc3 a4 32. Kd3 a3 33. b3 Kb4 34. c3+ Kb5 35.
c4+ Kc6 36. Kc2 Kd6 37. Kd3 Ke5 38. Kc3 Kf5 39. h4 g5 40. hxg5 Kxg5 41. Kd3 Kxh5 42.
b4 cxb4 43. c5 b3 44. c6 b2 45. Kc2 e2 46. c7 b1=Q+ 47. Kxb1 e1=Q+ 48. Kc2 Qe8 0-1

[Event "Late-Titled-Tuesday-Blitz-May-14-2024"]
[Site "Chess.com"]
[Date "2024.05.14"]
[Round "4"]
[White "rasmussvane"]
[Black "bazar-wokzal"]
[Result "1-0"]
[WhiteElo "2976"]
[BlackElo "2611"]
[TimeControl "180+1"]
[EndTime "14:39:12 PDT"]
[Termination "rasmussvane won by resignation"]

1. Nf3 c5 2. c4 g6 3. d4 Bg7 4. d5 f5 5. Qc2 e5 6. dxe6 dxe6 7.
Nc3 Nc6 8. g3 Nd4 9. Nxd4 cxd4 10.
Nb5 a6 11. Na3 Nf6 12. Bg2 O-O 13. O-O e5 14. Rd1 Qc7 15. e3 dxe3 16. Bxe3 f4 17. Bd2 Bg4 18. Re1 Rac8 19. Bc3 Nh5 20. Qe4 Kh8 21.
Qxb7 f3 22. Qxc7 Rxc7 23. Bf1 Re8 24. Rad1 e4 25. Bxg7+ Nxg7 26. Nc2 a5 27. b3 h5 28.
h3 Bf5 29. Ne3 Rb8 30. g4 Be6 31. Rd4 a4 32. bxa4 Rb2 33. Rxe4 Rxa2 34. Rf4 Rxa4 35. Rxf3 hxg4 36. hxg4 Rf7 37. Rxf7 Bxf7 38. Kg2 Ne6 39. Kg3 g5 40. Bg2 Ra2 41. Bd5 Kg8 42. Nf5 Ra3+ 43. f3 Ra6 44. Nh6+ Kg7 45. Nxf7 1-0

[Event "Late-Titled-Tuesday-Blitz-May-14-2024"]
[Site "Chess.com"]
[Date "2024.05.14"]
[Round "4"]
[White "AradNazari"]
[Black "maximnovik"]
[Result "0-1"]
[WhiteElo "2787"]
[BlackElo "2579"]
[TimeControl "180+1"]
[EndTime "14:39:12 PDT"]
[Termination "maximnovik won by resignation"]

1. e4 e5 2. f4 Bc5 3. Nf3 d6 4. c3 Nc6 5. d4 Bb6 6. d5 Nce7 7. fxe5 dxe5 8. Nxe5 Nf6 9. Bd3 O-O 10. Bg5 Nexd5 11. exd5 Re8 12. Bf4 Qxd5 13. Na3 Qxg2 14. Rf1 Ng4 15. Nc4 Bf2+ 16. Kd2 Be3+ 17. Ke1 Bxf4 18.
Rxf4 Nxe5 19. Bxh7+ Kxh7 20. Qh5+ Kg8 21. Nxe5 g6 22. Qe2 Qxe2+ 23. Kxe2 Rxe5+ 24. Kd2 Bf5 25.
Rg1 Rd8+ 26. Kc1 Rde8 27. b4 Kf8 28. h4 Re2 29. h5 Rc2+ 30. Kd1 Rxa2 31. Rg3 Ree2 32. hxg6 Bxg6 33. Rxg6 Rh2 0-1

[Event "Late-Titled-Tuesday-Blitz-May-14-2024"]
[Site "Chess.com"]
[Date "2024.05.14"]
[Round "4"]
[White "Dedic8"]
[Black "angelgab3"]
[Result "1-0"]
[WhiteElo "2913"]
[BlackElo "2720"]
[TimeControl "180+1"]
[EndTime "14:39:14 PDT"]
[Termination "Dedic8 won by resignation"]

1. d4 Nf6 2. c4 e6 3. Nc3 d5 4. cxd5 exd5 5. Bg5 c6 6. e3 h6 7. Be2 hxg5 8. Nf3 g4 9. Ne5 Bd6 10. Nxg4 Bxg4 11. Bxg4 Qb6 12. Rb1 Nbd7 13. Be2 O-O-O 14.
g3 Rde8 15. Kf1 Nf8 16. b4 Kb8 17. b5 c5 18. Na4 Qa5 19. Nxc5 Bxc5 20. dxc5 Ne6 21.
c6 d4 22. exd4 Rd8 23. Rc1 Rxd4 24. Qb3 Ne4 25. Kg2 N4c5 26. Qe3 Rhd8 27. Rxc5 Nxc5 28. Qe5+ Qc7 29. Qxc5 R4d5 30. Qc4 Rd2 31. Bf3 Qb6 32.
Rf1 Qc7 33. a4 g6 34. a5 Qxa5 35.
cxb7 Qc7 36. Qe4 R2d5 37. Qxd5 Rxd5 38. Bxd5 Qc5 39. Bf3 Qxb5 40. Rc1 Qd7 41. Rc8+ Qxc8 42. bxc8=Q+ Kxc8 43. Bd5 a5 44. Bxf7 g5 45. Kf3 Kc7 46. Kg4 1-0